 Dungeon Crawl Stone Soup version 0.29.0-4-gdea44cf6ec (webtiles) character file.

Game seed: 5765365184340521557

2504 qw the Cleaver (level 9, 0/55 HPs)
             Began as a Gargoyle Delver on Sept 10, 2022.
             Slain by an orc warrior
             ... wielding a +3 rapier of speed
              (7 damage)
             ... on level 6 of the Dungeon.
             The game lasted 00:03:13 (7664 turns).

qw the Cleaver (Gargoyle Delver)                    Turns: 7664, Time: 00:03:13

Health: 0/55       AC: 18    Str: 21    XL:     9   Next: 53%
Magic:  0/9        EV:  6    Int: 10    God:
Gold:   291        SH: 11    Dex: 11    Spells: 8/8 levels left

rFire   . . .      SeeInvis .   Y - +1 hand axe
rCold   . . .      Faith    .   q - +2 kite shield
rNeg    + . .      Spirit   +   a - +0 chain mail
rPois   inf        Reflect  .   l - +0 helmet
rElec   +          Harm     .   d - +0 cloak
rCorr   .          Rampage  .   (no gloves)
Will    .....                   (no boots)
Stlth   ..........              k - amulet of guardian spirit
HPRegen 0.18/turn               (no ring)
MPRegen 0.11/turn               (no ring)

@: no status effects
A: sickness immunity, AC +6, negative energy resistance 1, electricity
resistance, torment resistance 1, petrification resistance
a: no special abilities


You were on level 6 of the Dungeon.
You visited 2 branches of the dungeon, and saw 8 of its levels.

You collected 291 gold pieces.


Innate Abilities, Weirdness & Mutations

You are immune to sickness and miasma.
Your stone body is resilient. (AC +6)
You are immune to poison.
You resist negative energy. (rN+)
You are resistant to electric shocks. (rElec)
You are resistant to unholy torment.
You are immune to petrification.


   Skills:
 + Level 5.8 Fighting
 - Level 8.0 Axes
 - Level 1.1 Throwing
 - Level 4.6 Armour
 - Level 1.5 Dodging
 - Level 5.4 Stealth
 - Level 7.1 Shields


You had 8 spell levels left.
You didn't know any spells.
Your spell library was empty.

Inventory:

Hand Weapons
 n - a +0 flail
 Y - a +1 hand axe (weapon)
Armour
 a - a +0 chain mail (worn)
 d - a +0 cloak (worn)
 h - a +0 plate armour
 l - a +0 helmet (worn)
 q - a +2 kite shield (worn)
Jewellery
 c - an amulet of the acrobat
 k - an amulet of guardian spirit (around neck)
Wands
 g - a wand of digging (3)
Scrolls
 j - 2 scrolls of identify
 m - 3 scrolls of teleportation
Potions
 b - 4 potions of curing
 e - a potion of might
 f - 5 potions of haste
 o - a potion of magic {unknown}

Dungeon Overview and Level Annotations

Branches:
Dungeon (7/15)             Temple (1/1) D:4

Altars:
Ashenzari
Cheibriados
Dithmenos
Elyvilon
Fedhas
Gozag
Hepliaklqana
Kikubaaqudgha
Makhleb
Sif Muna
Trog
Uskayaw
Vehumet
Wu Jian
Xom
Zin
The Shining One

Annotations:
D:2 1 runed translucent door, Crazy Yiuf


Message History

You hit the orc warrior.
The orc warrior is lightly wounded.
You block the orc warrior's attack.
You closely miss the orc warrior.
The orc warrior is lightly wounded.
The orc warrior barely misses you. x2
You hit the orc warrior but do no damage.
The orc warrior is lightly wounded.
The orc warrior hits you with a +3 rapier of speed.
You hit the orc warrior but do no damage.
The orc warrior is lightly wounded.
The orc warrior hits you but does no damage. x2
You hit the orc warrior.
The orc warrior is moderately wounded.
You block the orc warrior's attack. x2
You closely miss the orc warrior.
The orc warrior is moderately wounded.
You block the orc warrior's attack.
You barely miss the orc warrior.
The orc warrior is moderately wounded.
The orc warrior hits you but does no damage.
You block the orc warrior's attack.
You hit the orc warrior but do no damage.
The orc warrior is moderately wounded.
The orc warrior hits you but does no damage.
You hit the orc warrior but do no damage.
The orc warrior is moderately wounded.
You block the orc warrior's attack.
The orc warrior hits you but does no damage.
You hit the orc warrior but do no damage.
The orc warrior is moderately wounded.
The orc warrior hits you with a +3 rapier of speed!
You block the orc warrior's attack.
You hit the orc warrior.
The orc warrior is heavily wounded.
The orc warrior completely misses you.
You closely miss the orc warrior.
The orc warrior is heavily wounded.
The orc warrior hits you with a +3 rapier of speed! x2
You die...

#.####################### #..#
#.....# #.####
##.###.#.##.########.#... #..#.#
#.#............## ##..#
#...#.#..^...... #.##
##..........#### #..##
##...#.#.#...# #.
#.#.###o#......#...# #.
#.##>#@##.##.......# #.
#.###%###..........# #. #....##
####......## #.
####.#######...#..####.
#########.#.................
######..........)######..#.......
#:.....#######..)..<.........##.#
#.###### #..#######>.#...##.# #.#
#..# #..........


You could see an orc warrior.

Vanquished Creatures
  A kobold demonologist (D:6)
  Prince Ribbit (D:5)
  Menkaure (D:4)
  An acid dragon (D:6)
  A black bear (D:7)
  5 ice beasts
  2 sky beasts
  A centaur (D:7)
  A kobold brigand (D:6)
  2 necrophages
  A scorpion (D:6)
  4 wights (D:7)
  A howler monkey (D:6)
  A jelly (D:6)
  A gnoll bouda (D:6)
  An orc priest (D:6)
  Jessica (D:3)
  4 iguanas
  An orc wizard (D:4)
  Robin (D:2)
  5 adders
  8 gnolls
  A shadow imp (D:7)
  A white imp (D:5)
  4 worms
  A dart slug (D:1)
  21 orcs
  4 ball pythons
  4 endoplasms
  A giant cockroach (D:4)
  11 goblins
  10 hobgoblins
  5 jackals (D:1)
  6 quokkas
  4 bats (D:2)
  3 frilled lizards
  10 kobolds
  6 rats
137 creatures vanquished.

Notes
Turn   | Place    | Note
-------+----------+-------------------------------------------
     0 | D:5      | qw the Gargoyle Delver began the quest for the Orb.
     0 | D:5      | Reached XP level 1. HP: 14/14 MP: 1/1
     0 | D:5      | 0 ||| qw: Version: 0.1-a-116-g5d60599
     0 | D:5      | 0 ||| qw: Game counter: 7702
     0 | D:5      | 0 ||| qw: Always use a shield: true
     0 | D:5      | 0 ||| qw: God list: Okawaru
     0 | D:5      | 0 ||| qw: Allow faded altars: false
     0 | D:5      | 0 ||| qw: Do Orc after D:15 true
     0 | D:5      | 0 ||| qw: Do second Lair branch before Depths: true
     0 | D:5      | 0 ||| qw: Lair rune preference: random
     0 | D:5      | 0 ||| qw: Plans: Normal
     0 | D:5      | 0 ||| PLANNING D:1-11
    14 | D:5      | 14 ||| UPGRADING to +0 ring mail.
    24 | D:5      | 24 ||| DROPPING +0 leather armour.
    25 | D:5      | 25 ||| READING scroll labelled GODWID AFFASAI.
    26 | D:5      | 26 ||| DROPPING scroll of fog.
    27 | D:5      | 27 ||| DROPPING scroll of magic mapping.
    28 | D:5      | 28 ||| DROPPING scroll of fear.
    29 | D:5      | 29 ||| Stepping ~*~*~tactically~*~*~ (stealth).
    31 | D:5      | 31 ||| Stepping ~*~*~tactically~*~*~ (stealth).
    36 | D:5      | 36 ||| Stepping ~*~*~tactically~*~*~ (stealth).
    37 | D:5      | 37 ||| Stepping ~*~*~tactically~*~*~ (stealth).
    44 | D:5      | Reached skill level 2 in Axes
    45 | D:5      | 45 ||| Stepping ~*~*~tactically~*~*~ (stealth).
    46 | D:5      | 46 ||| Stepping ~*~*~tactically~*~*~ (stealth).
    47 | D:5      | 47 ||| Stepping ~*~*~tactically~*~*~ (stealth).
    54 | D:5      | Reached XP level 2. HP: 19/19 MP: 2/2
   195 | D:3      | Reached skill level 3 in Axes
   199 | D:3      | Reached XP level 3. HP: 23/23 MP: 3/3
   413 | D:3      | Noticed Jessica
   414 | D:3      | Killed Jessica
   475 | D:3      | 475 ||| UPGRADING to +0 cloak.
   480 | D:3      | 480 ||| UPGRADING to amulet of guardian spirit.
   485 | D:3      | 485 ||| READING scroll labelled MOHOMA RYISK.
   486 | D:3      | 486 ||| READING scroll labelled POBBAURR KORHAYS.
   487 | D:3      | 487 ||| READING scroll labelled LOEGAI QIDALL.
   492 | D:3      | 492 ||| READING scroll labelled XUK RUCVENOEN.
   719 | D:1      | 719 ||| Stepping ~*~*~tactically~*~*~ (stealth).
   721 | D:1      | 721 ||| Stepping ~*~*~tactically~*~*~ (stealth).
   785 | D:1      | Reached XP level 4. HP: 28/28 MP: 4/4
   859 | D:1      | Reached skill level 1 in Armour
  1101 | D:1      | Found a faded altar of an unknown god.
  1743 | D:1      | 1743 ||| READING scroll labelled WUZOTAMIYT.
  1812 | D:2      | Noticed Robin
  1815 | D:2      | Reached skill level 4 in Axes
  1821 | D:2      | Killed Robin
  2047 | D:2      | Reached XP level 5. HP: 23/32 MP: 3/5
  2194 | D:2      | Found a runed translucent door.
  2195 | D:2      | Noticed Crazy Yiuf
  2221 | D:2      | 2221 ||| Stepping ~*~*~tactically~*~*~ (stealth).
  2236 | D:2      | 2236 ||| Stepping ~*~*~tactically~*~*~ (stealth).
  2339 | D:2      | 2339 ||| Stepping ~*~*~tactically~*~*~ (stealth).
  2341 | D:2      | 2341 ||| Stepping ~*~*~tactically~*~*~ (stealth).
  2354 | D:2      | 2354 ||| Stepping ~*~*~tactically~*~*~ (stealth).
  2379 | D:2      | 2379 ||| Stepping ~*~*~tactically~*~*~ (stealth).
  2714 | D:2      | 2714 ||| UPGRADING to +0 helmet.
  2719 | D:2      | 2719 ||| READING scroll labelled DEVEIWOAXYO.
  2720 | D:2      | 2720 ||| READING scroll labelled VUIPPYANUT.
  2763 | D:2      | 2763 ||| DRINKING 2 bubbling clear potions.
  2764 | D:2      | 2764 ||| READING 5 scrolls of identify.
  2764 | D:2      | 2764 ||| IDENTIFYING bubbling golden potion
  2765 | D:2      | 2765 ||| READING 4 scrolls of identify.
  2765 | D:2      | 2765 ||| IDENTIFYING sedimented white potion
  2766 | D:2      | 2766 ||| DROPPING potion of brilliance.
  2927 | D:3      | 2927 ||| DROPPING +0 mace.
  3106 | D:3      | Found an ornate altar of the Wu Jian Council.
  3108 | D:3      | 3108 ||| DROPPING ring of flight.
  3109 | D:3      | 3109 ||| READING 2 scrolls of teleportation.
  3341 | D:3      | 3341 ||| UPGRADING to +0 chain mail.
  3351 | D:3      | 3351 ||| DROPPING +0 ring mail.
  3437 | D:4      | Noticed Menkaure
  3438 | D:4      | 3438 ||| Stepping ~*~*~tactically~*~*~ (hiding).
  3439 | D:4      | 3439 ||| Stepping ~*~*~tactically~*~*~ (hiding).
  3442 | D:4      | 3442 ||| Stepping ~*~*~tactically~*~*~ (hiding).
  3454 | D:4      | Killed Menkaure
  3455 | D:4      | Reached skill level 3 in Armour
  3455 | D:4      | Reached XP level 6. HP: 14/37 MP: 2/6
  3484 | D:4      | 3484 ||| FLEEEEING.
  3682 | D:4      | 3682 ||| Stepping ~*~*~tactically~*~*~ (stealth).
  3688 | D:4      | 3688 ||| Stepping ~*~*~tactically~*~*~ (hiding).
  3690 | D:4      | 3690 ||| Stepping ~*~*~tactically~*~*~ (hiding).
  3693 | D:4      | 3693 ||| Stepping ~*~*~tactically~*~*~ (hiding).
  3706 | D:4      | 3706 ||| Stepping ~*~*~tactically~*~*~ (stealth).
  3718 | D:4      | Reached skill level 5 in Axes
  3726 | D:4      | Found a staircase to the Ecumenical Temple.
  3727 | D:4      | 3727 ||| PLANNING TEMPLE
  3727 | D:4      | 3727 ||| DROPPING +2 mace of holy wrath.
  3736 | Temple   | Entered the Ecumenical Temple
  3825 | Temple   | 3825 ||| PLANNING D:1-11
  4344 | D:4      | 4344 ||| DROPPING +6 ring of intelligence.
  4345 | D:4      | 4345 ||| READING 3 scrolls of identify.
  4345 | D:4      | 4345 ||| IDENTIFYING orange potion
  4346 | D:4      | 4346 ||| READING 2 scrolls of identify.
  4346 | D:4      | 4346 ||| IDENTIFYING black potion
  4347 | D:4      | 4347 ||| DROPPING potion of degeneration.
  4348 | D:4      | 4348 ||| DROPPING potion of attraction.
  4469 | D:5      | You fall into a shaft and drop 2 floors!
  4495 | D:7      | Reached XP level 7. HP: 31/43 MP: 3/7
  4535 | D:7      | 4535 ||| Stepping ~*~*~tactically~*~*~ (stealth).
  4539 | D:7      | 4539 ||| Stepping ~*~*~tactically~*~*~ (stealth).
  4593 | D:7      | Reached skill level 6 in Axes
  4678 | D:7      | Reached skill level 7 in Axes
  4910 | D:7      | Reached XP level 8. HP: 39/48 MP: 6/8
  5061 | D:7      | Reached skill level 1 in Throwing
  5346 | D:5      | 5346 ||| READING 2 scrolls of teleportation.
  5347 | D:5      | 5347 ||| FLEEEEING.
  5475 | D:5      | Noticed Prince Ribbit
  5476 | D:5      | 5476 ||| Stepping ~*~*~tactically~*~*~ (stealth).
  5477 | D:5      | 5477 ||| Stepping ~*~*~tactically~*~*~ (stealth).
  5519 | D:5      | Killed Prince Ribbit
  5520 | D:5      | Reached skill level 8 in Axes
  5697 | D:5      | 5697 ||| Stepping ~*~*~tactically~*~*~ (stealth).
  5698 | D:5      | 5698 ||| Stepping ~*~*~tactically~*~*~ (stealth).
  5711 | D:5      | 5711 ||| Stepping ~*~*~tactically~*~*~ (stealth).
  5717 | D:5      | 5717 ||| Stepping ~*~*~tactically~*~*~ (stealth).
  5737 | D:5      | 5737 ||| FLEEEEING.
  5738 | D:5      | 5738 ||| FLEEEEING.
  5739 | D:5      | 5739 ||| FLEEEEING.
  5856 | D:5      | 5856 ||| Stepping ~*~*~tactically~*~*~ (stealth).
  5859 | D:5      | 5859 ||| Stepping ~*~*~tactically~*~*~ (stealth).
  6207 | D:5      | 6207 ||| UPGRADING to +2 kite shield.
  6212 | D:5      | 6212 ||| DROPPING ring of wizardry.
  6213 | D:5      | 6213 ||| READING scroll labelled IKLAIB EDUE.
  6214 | D:5      | 6214 ||| READING 2 scrolls of identify.
  6214 | D:5      | 6214 ||| IDENTIFYING viscous purple potion
  6245 | D:6      | Reached skill level 1 in Shields
  6286 | D:6      | Reached XP level 9. HP: 43/55 MP: 6/9
  6287 | D:6      | 6287 ||| FLEEEEING.
  6289 | D:6      | 6289 ||| FLEEEEING.
  6290 | D:6      | 6290 ||| STAIRDANCE
  6361 | D:6      | Reached skill level 3 in Shields
  6466 | D:6      | Noticed a kobold demonologist
  6472 | D:6      | Noticed a hellwing
  6485 | D:6      | Noticed a sun demon
  6485 | D:6      | Killed a kobold demonologist
  6516 | D:6      | 6516 ||| Stepping ~*~*~tactically~*~*~ (hiding).
  6765 | D:6      | 6765 ||| Stepping ~*~*~tactically~*~*~ (stealth).
  6855 | D:6      | Reached skill level 6 in Shields
  6935 | D:6      | 6935 ||| FLEEEEING.
  6936 | D:6      | 6936 ||| FLEEEEING.
  6937 | D:6      | 6937 ||| FLEEEEING.
  6940 | D:6      | 6940 ||| Stepping ~*~*~tactically~*~*~ (hiding).
  6951 | D:6      | HP: 13/55 [acid dragon (5)]
  6952 | D:6      | 6952 ||| READING 3 scrolls of teleportation.
  6953 | D:6      | 6953 ||| DRINKING potion of heal wounds.
  7459 | D:6      | 7459 ||| Stepping ~*~*~tactically~*~*~ (stealth).
  7470 | D:6      | 7470 ||| Stepping ~*~*~tactically~*~*~ (stealth).
  7471 | D:6      | 7471 ||| Stepping ~*~*~tactically~*~*~ (stealth).
  7664 | D:6      | HP: 7/55 [orc warrior/+3 rapier of speed (7)]
  7664 | D:6      | Slain by an orc warrior

Levels and vault maps discovered:
D:1:      dpeg_arrival_circle_labyrinth_c, layout_basic,
          hellmonk_ecumenical_altar_blasted
D:2:      minmay_diamond_boxcup, layout_loops_ring, uniq_crazy_yiuf_cottage,
          uniq_robin
D:3:      layout_loops_ring, nicolae_wu_jian_immortal_techniques, uniq_jessica
D:4:      layout_gridville, minmay_temple_entry_arrows, uniq_menkaure
D:5:      layout_cave_pools, hangedman_decor_growths, minmay_misc_feat_iff,
          glass_columns_a, uniq_prince_ribbit1
D:6:      kennysheep_big_flooded_room, layout_loops_ring,
          roderic_serpentine_path
D:7:      layout_cave_pools, kennysheep_mini_moat,
          mainiacjoe_overflow_catwalk_spiral
Temple:   nicolae_temple_superstar

Skill      XL: |  1  2  3  4  5  6  7  8  9 |
---------------+----------------------------+-----
Axes           | 2 3 4 5 7 8 |  8.0
Armour         | 1 3 4 |  4.6
Fighting       | 4 5 |  5.8
Throwing       | 1 |  1.1
Shields        | 2 7 |  7.1
Dodging        | |  1.5
Stealth        | |  5.4

Action                   |  1- 3 |  4- 6 |  7- 9 || total
-------------------------+-------+-------+-------++-------
Melee: Hand axe          |    66 |   221 |   411 ||   698
       Punch             |       |     3 |     3 ||     6
Throw: Boomerang         |       |    23 |    40 ||    63
  Use: Scroll            |     5 |     8 |     4 ||    17
       Potion            |       |     1 |     1 ||     2
 Stab: Sleeping          |     1 |       |       ||     1
       Distracted        |       |       |     1 ||     1
Armor: Ring mail         |    33 |    48 |       ||    81
       Chain mail        |       |    29 |   239 ||   268
Dodge: Dodged            |    33 |    91 |    95 ||   219
Block: Kite shield       |       |       |   125 ||   125

Table legend:
 A = Non-vault XP
 B = Vault XP
 C = Vault XP percentage of total XP
 D = Non-vault monster count
 E = Vault monster count
 F = Vault count percentage of total count
                 A         B        C        D         E       F
            +---------+---------+-------+---------+---------+-------
      Total |    2879 |     699 |  19.5 |     119 |      18 |  13.1
            +---------+---------+-------+---------+---------+-------
        D:1 |      38 |       0 |   0.0 |      20 |       0 |   0.0
        D:2 |      42 |      56 |  57.1 |      16 |      14 |  46.7
        D:3 |      12 |      37 |  75.5 |       7 |       1 |  12.5
        D:4 |     127 |     169 |  57.1 |      17 |       1 |   5.6
        D:5 |     431 |     274 |  38.9 |      18 |       1 |   5.3
        D:6 |    1376 |     163 |  10.6 |      31 |       1 |   3.1
        D:7 |     853 |       0 |   0.0 |      10 |       0 |   0.0
            +---------+---------+-------+---------+---------+-------
